Map: Pillars of Gold LE

Players

llexade

  • Race: Terran Terran
  • Spawn Location: 7:00

jarhead - Winner!

  • Race: Terran Terran
  • League: Platinum
  • Spawn Location: 1:00

VOD

Have the link to the VOD?

Description

not optimized

Time

  • Played on: Aug. 3, 2020, 9:55 p.m.
  • Length: 14:17
Show
View Real Time Build Order
Export as new Build Order

llexade Terran 

Build Orders:  

Get SALT Encoding   

  12  0:00  SCV  
  13  0:15  Supply Depot  
  13  0:18  SCV  
  14  0:30  SCV  
  15  0:38  Barracks  
  15  0:42  SCV  
  16  0:54  SCV, Refinery  
  17  1:06  SCV  
  18  1:18  SCV  
  19  1:26  Marine  
  19  1:27  Supply Depot  
  19  1:30  SCV  
  21  1:37  Refinery  
  21  1:43  SCV  
  22  1:51  Barracks Reactor  
  22  1:55  SCV  
  22  1:58  Engineering Bay  
  23  2:07  SCV  
  24  2:21  Orbital Command  
  24  2:36  Marine x2  
  25  2:59  Marine x2  
  25  3:03  Command Center, SCV  
  28  3:08  Terran Infantry Weapons Level 1  
  27  3:17  SCV  
  28  3:21  Marine x2  
  30  3:33  Factory  
  30  3:38  Marine x2  
  32  3:49  SCV  
  33  3:56  Marine x2  
  35  4:14  Marine x2  
  35  4:16  Barracks  
  37  4:20  SCV  
  37  4:23  SCV  
  39  4:33  SCV, Bunker  
  39  4:35  SCV  
  41  4:41  Factory Reactor  
  41  4:45  Sensor Tower, SCV  
  42  4:47  SCV  
  43  4:52  Marine  
  43  4:54  Marine  
  43  4:57  SCV  
  43  4:59  SCV  
  47  5:02  Terran Infantry Armor Level 1  
  47  5:03  Missile Turret  
  47  5:09  SCV  
  47  5:11  SCV  
  49  5:21  SCV  
  50  5:23  SCV  
  50  5:26  Marine x2, Supply Depot  
  50  5:27  Barracks Tech Lab  
  53  5:33  SCV  
  54  5:35  Missile Turret  
  54  5:42  Refinery  
  54  5:48  SCV x2  
  54  5:49  Supply Depot  
  56  5:52  Supply Depot  
  56  5:53  Marine x2  
  56  5:56  Combat Shield  
  58  5:57  Marine  
  58  6:00  SCV x2  
  61  6:05  Armory  
  61  6:11  Marine x2  
  61  6:12  SCV x2  
  61  6:16  Supply Depot  
  61  6:18  Starport  
  65  6:23  Marine  
  65  6:24  SCV x2  
  68  6:29  Marine  
  69  6:33  Refinery  
  69  6:36  SCV  
  69  6:39  Marine  
  71  6:42  Marauder  
  71  6:46  Marine  
  73  6:53  Barracks  
  74  6:57  Marine  
  75  7:01  Supply Depot  
  75  7:03  Marauder  
  75  7:04  Marine, Factory Tech Lab  
  75  7:06  Starport Reactor  
  78  7:09  Terran Infantry Weapons Level 2  
  78  7:15  Marine, Stimpack  
  79  7:22  Marine  
  80  7:23  Orbital Command  
  80  7:24  Supply Depot, Marauder  
  82  7:33  Marine  
  83  7:40  Marine  
  83  7:44  Medivac x2  
  86  7:45  Marine  
  86  7:51  Marine  
  90  7:57  Command Center  
  90  7:58  Marine  
  91  8:03  Marine  
  92  8:08  Marine  
  92  8:10  Marine x2  
  95  8:14  Medivac x2  
  95  8:16  Marine, SCV  
  95  8:17  Factory, SCV  
  102  8:54  Refinery  
  102  8:55  Concussive Shells  
  102  8:59  Refinery  
  102  9:07  Factory Tech Lab  
  102  9:09  Marine x5, Medivac, SCV x2  
  111  9:21  SCV x2  
  114  9:25  Terran Infantry Armor Level 2  
  114  9:26  Marine x3  
  117  9:31  Marine  
  117  9:32  Orbital Command  
  117  9:42  Supply Depot  
  117  10:03  Marine x2, Thor  
  117  10:05  Supply Depot  
  117  10:07  Marine x2, Marauder, SCV x2  
  131  10:19  SCV x2  
  133  10:26  Marine x4  
  133  10:27  Command Center  
  137  10:28  Supply Depot  
  137  10:29  Marauder  
  137  10:31  Supply Depot, SCV x2  
  141  10:50  Marine x4, Marauder, SCV x2  
  141  10:53  Thor  
  141  10:54  Supply Depot  
  155  11:02  Supply Depot, SCV  
  156  11:07  Marine  
  157  11:12  Terran Vehicle Weapons Level 1  
  157  11:15  Marine x4, Medivac x2  
  157  11:17  Supply Depot  
  165  11:24  Supply Depot  
  165  11:35  Thor  
  165  11:36  SCV  
  165  11:37  SCV  
  165  11:38  SCV  
  174  11:45  Viking x2  
  178  11:47  Supply Depot  
  178  11:49  SCV x2  
  178  11:50  SCV  
  178  11:52  SCV  
  182  12:01  SCV  
  170  12:04  SCV  
  150  12:10  Supply Depot  
  112  12:15  Viking x2  
  101  12:24  Marine x4  
  101  12:25  Marine  
  101  12:26  Starport  
  106  12:37  Missile Turret  
  106  12:42  Marine x5  
  111  12:45  Viking x2  
  107  13:00  Marine x4  
  107  13:02  Missile Turret  
  107  13:03  Starport  
  107  13:15  Viking x2  
  100  13:23  Missile Turret  
  99  13:45  Viking x2  
Show
View Real Time Build Order
Export as new Build Order

jarhead Terran - Winner!

Build Orders:  

Get SALT Encoding   

  12  0:00  SCV  
  13  0:12  SCV  
  14  0:22  Supply Depot  
  14  0:25  SCV  
  15  0:30  Refinery  
  15  0:44  Barracks  
  15  0:47  SCV  
  16  0:59  SCV  
  17  1:11  SCV  
  18  1:14  Supply Depot  
  18  1:17  Refinery  
  18  1:23  SCV  
  19  1:32  Reaper  
  20  1:39  Engineering Bay  
  20  1:45  Orbital Command  
  20  2:08  Factory  
  20  2:16  SCV  
  20  2:21  Marine  
  22  2:28  SCV  
  23  2:39  Marine  
  23  2:40  SCV  
  25  2:54  Factory Tech Lab  
  25  2:57  Command Center, Starport  
  26  2:58  SCV  
  26  3:02  Marine  
  27  3:16  SCV  
  28  3:22  Widow Mine  
  28  3:25  Marine  
  31  3:34  Supply Depot  
  31  3:35  Starport Tech Lab  
  31  3:39  Fusion Core  
  31  3:56  Marine, SCV  
  31  4:00  Supply Depot  
  33  4:05  Raven  
  33  4:08  SCV  
  36  4:13  Marine  
  36  4:20  SCV  
  36  4:22  Siege Tank  
  36  4:23  SCV  
  41  4:28  Refinery  
  41  4:31  Marine  
  41  4:32  SCV  
  41  4:36  SCV  
  44  4:43  Sensor Tower  
  44  4:44  SCV  
  45  4:48  SCV  
  45  4:50  Starport  
  46  4:54  Refinery  
  46  4:56  SCV  
  47  5:00  SCV  
  47  5:01  Barracks Tech Lab  
  48  5:09  SCV  
  48  5:12  SCV  
  50  5:26  Orbital Command  
  50  5:27  SCV  
  51  5:31  Command Center  
  51  5:36  Sensor Tower  
  51  5:39  SCV  
  51  5:40  Starport Tech Lab  
  52  5:50  Supply Depot  
  52  5:51  SCV  
  52  5:54  SCV  
  54  5:59  Missile Turret  
  54  6:03  SCV  
  55  6:05  Medivac  
  55  6:06  SCV  
  58  6:15  SCV  
  58  6:17  Armory x2  
  58  6:18  SCV  
  60  6:27  SCV  
  61  6:34  Battlecruiser  
  61  6:36  Weapon Refit  
  67  6:40  SCV x2  
  67  6:44  SCV  
  70  6:52  Supply Depot, SCV  
  71  6:56  SCV  
  72  7:01  Marine  
  72  7:04  Battlecruiser  
  79  7:08  SCV  
  79  7:09  SCV x2  
  82  7:17  Refinery  
  82  7:19  Marine  
  82  7:20  SCV  
  82  7:21  SCV x2  
  86  7:26  Terran Vehicle And Ship Armor Level 1  
  86  7:27  Terran Ship Weapons Level 1  
  86  7:33  SCV  
  86  7:36  Starport  
  87  7:37  Marine  
  87  7:43  Refinery  
  88  7:45  SCV  
  88  7:47  Supply Depot  
  89  7:57  SCV  
  90  8:01  Marine  
  90  8:04  SCV  
  92  8:09  Battlecruiser  
  92  8:11  Supply Depot  
  92  8:12  Starport Tech Lab  
  98  8:13  Widow Mine  
  98  8:19  Marine, Planetary Fortress  
  101  8:22  Supply Depot  
  101  8:33  Battlecruiser  
  107  8:35  Supply Depot  
  107  8:37  Marine  
  108  8:48  Battlecruiser  
  114  9:07  Missile Turret  
  114  9:08  Missile Turret  
  114  9:11  Missile Turret  
  114  9:13  Supply Depot  
  114  9:19  Battlecruiser  
  114  9:21  Terran Vehicle And Ship Armor Level 2  
  120  9:25  Terran Ship Weapons Level 2  
  120  9:29  Marine  
  120  9:31  Supply Depot  
  121  9:35  Supply Depot  
  121  9:47  Marine  
  121  9:51  Siege Tank  
  125  9:59  Supply Depot, Terran Infantry Weapons Level 1  
  125  10:05  Marine  
  126  10:15  Command Center  
  126  10:16  Missile Turret  
  126  10:19  SCV  
  126  10:20  Sensor Tower  
  126  10:21  Missile Turret  
  127  10:22  Marine  
  127  10:23  Supply Depot  
  127  10:28  Battlecruiser  
  134  10:29  Battlecruiser  
  134  10:31  SCV  
  141  10:40  Marine, Missile Turret  
  142  10:43  SCV  
  142  10:46  Sensor Tower  
  143  10:51  Missile Turret  
  143  10:53  Battlecruiser  
  143  10:55  SCV  
  150  10:58  Marine  
  150  11:00  Missile Turret  
  151  11:08  SCV  
  152  11:18  Refinery  
  152  11:19  Supply Depot, Missile Turret  
  152  11:20  SCV  
  152  11:23  Supply Depot  
  153  11:29  Supply Depot  
  153  11:32  Battlecruiser, SCV  
  160  11:43  Battlecruiser, Refinery  
  166  11:57  Battlecruiser  
  143  12:31  Sensor Tower  
  143  12:36  Battlecruiser  
  149  12:38  Marine  
  150  12:47  Battlecruiser  
  156  12:56  Marine  
  157  13:04  Battlecruiser  
  163  13:13  Marine  
  164  13:31  Marine  
  165  13:49  Marine  
Tags
 
League
Platinum
Matchup
TvT
Race
Terran
Spawn Locations
Cross Positions
Add a new tag
Caveats
  • Supply blocks, unpowered buildings, or Contaminate may cause inaccurate times.
  • Supply counts are checked every 10 seconds.